 Seeded DCSS version 0.30-a0-743-gbfdf073431 (webtiles) character file.

Game seed: 5430720872467839093 (custom seed)

228 purpskrrrp the Changer (level 5, 0/41 HPs)
             Began as a Demigod Transmuter on Feb 7, 2023.
             Slain by a gnoll
             ... wielding a +0 spear
              (7 damage)
             ... on level 3 of the Dungeon.
             The game lasted 00:06:31 (2483 turns).

purpskrrrp the Changer (Demigod Transmuter)         Turns: 2483, Time: 00:06:32

Health: 0/41       AC:  6    Str: 15    XL:     5   Next: 42%
Magic:  11/11      EV: 11    Int: 15    God:
Gold:   91         SH:  0    Dex: 14    Spells: 8/9 levels left

rFire   . . .      SeeInvis .    l - +5 executioner's axe (vamp)
rCold   + . .      Faith    .    (shield currently unavailable)
rNeg    . . .      Spirit   .    r - +1 ring mail {rPois}
rPois   +          Reflect  .    (helmet currently unavailable)
rElec   .          Harm     .    (no cloak)
rCorr   .          Rampage  .    (no gloves)
Will    .....                    (boots currently unavailable)
Stlth   +                        (no amulet)
HPRegen 0.26/turn                (no ring)
MPRegen 0.12/turn                (no ring)

@: appendages
A: horns 2, talons 2, high MP 1, forlorn, divine attributes, cold resistance 1
a: End Transformation


You were on level 3 of the Dungeon.
You had temporarily grown beastly horns and talons.
You visited 1 branch of the dungeon, and saw 3 of its levels.

You collected 91 gold pieces.

Inventory:

Hand Weapons
 l - a +5 vampiric executioner's axe (weapon)
 p - a +5 eveningstar of protection
Armour
 a - a +0 robe
 o - the +4 pair of boots "Muhiklid" (melded) {Regen+}
   (You acquired it on level 2 of the Dungeon)

   Regen:     It increases your rate of health regeneration.
 r - a +1 ring mail of poison resistance (worn)
Jewellery
 j - a +6 ring of strength
 n - a ring of protection from cold
 q - the amulet "Roclyrox" {Spirit rPois Dex+3}
   (You acquired it on level 2 of the Dungeon)

   [amulet of guardian spirit]

   It causes incoming damage to be divided between your reserves of health and
   magic.
   Dex:       It affects your dexterity (+3).
   rPois:     It protects you from poison.
Wands
 s - a wand of mindburst (13)
Scrolls
 b - a scroll of fog {unknown}
 c - a scroll of noise {unknown}
 d - a scroll of torment {unknown}
 e - 3 scrolls of amnesia {unknown}
 f - a scroll of identify {unknown}
 h - a scroll of enchant armour {unknown}
 i - a scroll of teleportation {unknown}
 k - a scroll of brand weapon {unknown}
 m - a scroll of immolation {unknown}
Potions
 g - a potion of attraction {unknown}
 t - a potion of ambrosia {unknown}
 u - a potion of degeneration {unknown}


   Skills:
 + Level 2.1 Fighting
 * Level 1.1 Axes
 + Level 2.6 Dodging
 - Level 3.1 Unarmed Combat
 + Level 2.5 Spellcasting
 * Level 3.4 Transmutations


You had 8 spell levels left.
You knew the following spells:

 Your Spells              Type           Power      Damage    Failure   Level
a - Beastly Appendage     Tmut           24%        N/A       11%         1

Your spell library contained the following spells:

 Spells                   Type           Power      Damage    Failure   Level
 Wereblood                Tmut           12%        N/A       16%         2
 Spider Form              Tmut/Pois      7%         N/A       52%         3
 Ice Form                 Ice/Tmut       7%         N/A       90%         4


Dungeon Overview and Level Annotations

Branches:
Dungeon (3/15)

Shops:
D:2 ?


Innate Abilities, Weirdness & Mutations

You have temporarily grown beastly horns and talons.
You have an increased reservoir of magic. (+10% MP)
You shall have no god before yourself.
Your divine heritage dramatically boosts your attributes as you level up.
Your flesh is cold resistant. (rC+)


Message History

You kill the endoplasm!
There is a stone staircase leading down here.
Things that are here:
a +0 robe; a +0 dagger You start resting.
HP restored.
You start waiting.
Done waiting.
You start waiting.
Done waiting.
There is a stone staircase leading down here.
You grow a pair of large bovine horns.
Your feet morph into talons.
The +4 pair of boots "Muhiklid" {Regen+} melds into your body.
You climb downwards.
The gnoll hits you from afar with a +0 spear. x2
There is a stone staircase leading up, spattered with blood here.
You slash the ball python!
You kill the ball python!
The gnoll hits you from afar with a +0 spear. x3
The gnoll barely misses you. x2
You barely miss the gnoll. You claw the gnoll.
The gnoll is moderately wounded.
The gnoll hits you with a +0 spear.
The gnoll hits you from afar with a +0 spear.
You hit the gnoll.
The gnoll is moderately wounded.
The gnoll hits you with a +0 spear.
The gnoll hits you from afar with a +0 spear.
The gnoll hits you from afar with a +0 spear!
* * * LOW HITPOINT WARNING * * *
The gnoll closely misses you.
You are too injured to fight recklessly!
You are too injured to fight recklessly!
You are too injured to fight recklessly!
You are too injured to fight recklessly!
You are too injured to fight recklessly!
You are too injured to fight recklessly!
You are too injured to fight recklessly!
The gnoll attacks as you move away! The gnoll hits you with a +0 spear!
You die...

..........##.##
#..><.....##.# #.#
#.......).##.# ..
....!.....##.##### .#
.<........##.....## #.##
..........######..##....
........).## ##.......
........(..#####...#.###
#......@<)........#..#..
##....g)###.#####..†##..
.####..g.##.............
.. ####.######..##..#..
.## #.># #.###..... ..
##.# #.###.#... #.
#.#####.##..#..# #.##
#..##.(....##..#
#..###.......##......


You could see 2 gnolls.

Vanquished Creatures
  A necrophage (D:2)
  An orc priest (D:3)
  An orc wizard (D:2)
  5 gnolls
  2 adders
  3 orcs
  3 bats
  6 endoplasms
  4 hobgoblins
  4 jackals (D:1)
  5 kobolds
  2 quokkas (D:1)
  4 ball pythons
  2 frilled lizards
  4 goblins
  2 rats
49 creatures vanquished.

Notes
Turn   | Place    | Note
-------+----------+-------------------------------------------
     0 | D:1      | purpskrrrp the Demigod Transmuter began the quest for the
                  | Orb.
     0 | D:1      | Reached XP level 1. HP: 15/15 MP: 5/5
    64 | D:1      | Reached skill level 1 in Fighting
   136 | D:1      | Reached XP level 2. HP: 23/23 MP: 5/7
   248 | D:1      | Gained mutation: Your flesh is cold resistant. (rC+)
                  | [potion of mutation]
  1039 | D:2      | Reached XP level 3. HP: 11/28 MP: 6/8
  1184 | D:2      | HP: 2/42 [gnoll/+0 club (4)]
  1478 | D:2      | Noticed a necrophage
  1486 | D:2      | Killed a necrophage
  1487 | D:2      | Reached XP level 4. HP: 19/36 MP: 7/10
  1658 | D:2      | Found Doddoiw's Magic Scroll Shoppe.
  1805 | D:2      | Identified 4 scrolls of acquirement
  1805 | D:2      | Acquired the +4 pair of boots "Muhiklid" {Regen+}
  1811 | D:2      | Acquired a +5 eveningstar of protection
  1813 | D:2      | Acquired the amulet "Roclyrox" {Spirit rPois Dex+3}
  1814 | D:2      | Acquired a +5 vampiric executioner's axe
  2003 | D:3      | Reached XP level 5. HP: 22/41 MP: 11/11
  2153 | D:3      | Identified the +3 short sword of the Manifold Quests
                  | {flame, rElec Int+5}
  2238 | D:3      | Reached skill level 1 in Axes
  2483 | D:3      | Slain by a gnoll

Illustrated notes

Levels and vault maps discovered:
D:1:      dpeg_arrival_boxes_within_box, layout_basic
D:2:      layout_loops_ring, serial_shops, shop, nicolae_kite_square_tiling_tiny
D:3:      layout_rooms, okawaru_metal_pillars_3, ebering_ecumenical_altar_rust

Skill      XL: |  1  2  3  4  5 |
---------------+----------------+-----
Fighting       | 1 2 |  2.1
Transmutations | 2 3 |  3.4
Dodging        | 2 |  2.6
Spellcasting   | 2 |  2.5
Unarmed Combat | 3 |  3.1
Axes           | 1 |  1.1

Action                     |  1- 3 |  4- 6 || total
---------------------------+-------+-------++-------
  Melee: Unarmed           |    85 |       ||    85
         Kick              |    24 |     6 ||    30
         Headbutt          |    13 |     2 ||    15
         Punch             |     2 |       ||     2
         Executioner's axe |       |    33 ||    33
   Cast: Beastly Appendage |    23 |     4 ||    27
    Use: Potion            |     4 |       ||     4
         Scroll            |       |     4 ||     4
   Stab: Sleeping          |     1 |       ||     1
 Armour: Robe              |    10 |    11 ||    21
         Skin              |     4 |       ||     4
         Ring mail         |       |    12 ||    12
  Dodge: Dodged            |    45 |    30 ||    75

Table legend: (Time is in decaauts)
 A = Elapsed time spent in this place.
 B = Non-inter-level travel time spent in this place.
 C = Inter-level travel time spent in this place.
 D = Time resting spent in this place.
 E = Time spent auto-exploring this place.
 F = Levels seen in this place.
 G = Mean time per level.
                   A        B        C        D        E       F      G
               +--------+--------+--------+--------+--------+-----+--------+
         Total |   2507 |   2397 |    110 |    508 |   1531 |   3 |  835.7 |
       Dungeon |   2507 |   2397 |    110 |    508 |   1531 |   3 |  835.7 |
               +--------+--------+--------+--------+--------+-----+--------+

Top non-repeatable levels by time:
     D:2: 1363 daAuts
     D:1: 966 daAuts
     D:3: 177 daAuts
